 Dungeon Crawl Stone Soup version 0.29-a0-542-g075992c915 (webtiles) character file.

Game seed: 11994166976933153921

769 brmiller01 the Skirmisher (level 8, -5/60 HPs)
             Began as a Djinni Conjurer on June 5, 2022.
             Splashed by a jelly's acid (11 damage)
             ... on level 5 of the Dungeon.
             The game lasted 00:21:36 (5338 turns).

brmiller01 the Skirmisher (Djinni Conjurer)         Turns: 5338, Time: 00:21:37

Health: -5/60      AC: -2    Str:  6    XL:     8   Next: 9%
Gold:   205        EV: 19    Int: 23    God:
                   SH:  0    Dex: 16

rFire   . . .      SeeInvis .     - Unarmed
rCold   + . .      Faith    .   (shield currently unavailable)
rNeg    . . .      Spirit   .   (body armour currently unavailable)
rPois   ∞          Reflect  .   (helmet currently unavailable)
rElec   .          Harm     .   (cloak currently unavailable)
rCorr   .          Rampage  .   (gloves currently unavailable)
Will    .....                   (boots unavailable)
Stlth   ++........              (no amulet)
HPRegen 0.20/turn               i - ring of protection from cold
MPRegen 0.00/turn               (no ring)

@: spider-form (expiring), corroded, flying
A: venomous fangs, flying, sickness immunity, tiny, (fire resistance 2), (cold
vulnerability 1), float, innate caster, HP casting, extra vitality 1
a: End Transformation


You were on level 5 of the Dungeon.
You were a venomous arachnid creature.
You visited 1 branch of the dungeon, and saw 5 of its levels.

You collected 283 gold pieces.
You spent 78 gold pieces at shops.

Inventory:

Missiles
 b - 117 stones
 d - 10 boomerangs
 h - 10 poisoned darts
Armour
 a - a +0 robe (melded)
Jewellery
 i - a ring of protection from cold (left front leg)
 m - a ring of fire
Wands
 g - a wand of charming (12)
Scrolls
 e - 3 scrolls of teleportation {unknown}
 f - a scroll of fog
 j - a scroll of fear {unknown}
 l - 3 scrolls of identify {unknown}
 n - a scroll of noise {unknown}
 p - a scroll of blinking {unknown}
Potions
 c - a potion of lignification {unknown}
 k - a potion of flight {unknown}
 o - a potion of brilliance {unknown}
 q - a potion of attraction {unknown}
 r - 2 potions of curing


   Skills:
 * Level 5.6 Fighting
 - Level 2.1 Dodging
 - Level 1.5 Stealth
 + Level 1.5 Unarmed Combat
 * Level 5.5 Spellcasting


You couldn't memorise any spells.
You knew the following spells:

 Your Spells              Type           Power      Damage    Failure   Level
a - Magic Dart            Conj           100%       1d8       4%          1
b - Shock                 Conj/Air       100%       1d9       4%          1
c - Searing Ray           Conj           62%        2d6       6%          2
d - Spider Form           Tmut/Pois      31%        N/A       10%         3
e - Passwall              Tmut/Erth      25%        N/A       6%          2
f - Fulminant Prism       Conj/Hex       15%        3d11      22%         4
g - Iskenderun's Mystic   Conj/Tloc      31%        2d8       22%         4
h - Dazzling Flash        Conj/Hex       62%        N/A       10%         3
Your spell library was empty.

Dungeon Overview and Level Annotations

Branches:
Dungeon (5/15)
 Temple: D:4-7

Altars:

Shops:
D:4 !


Innate Abilities, Weirdness & Mutations

You are a venomous arachnid creature.
You have poisonous fangs.
You are tiny and dextrous.
You are flying.
Your spellcasting is less reliable in this form.
Your armour is entirely melded.
You are incapable of wielding weapons or throwing items.
You are immune to sickness and miasma.
You are immune to poison.
((Your flesh is very heat resistant. (rF++)))
((You are vulnerable to cold. (rC-)))
You float through the air rather than walking.
You learn spells naturally, not from books.
Your magical power is your life essence.
You have superior vitality. (+4 MHP)


Message History

You barely miss the orc.
The orc is heavily wounded.
The orc hits you with a +0 whip.
You barely miss the orc.
The orc is almost dead.
You kill the orc!
You hit the orc.
The orc is poisoned.
The orc is lightly wounded.
The orc misses you.
You barely miss the orc.
The orc is moderately wounded.
The orc misses you.
You hit the orc but do no damage.
The orc is moderately wounded.
The orc barely misses you.
You barely miss the orc.
The orc is heavily wounded.
The orc closely misses you.
You hit the orc.
You kill the orc!
You hit the jelly.
Your front legs burn!
The jelly is moderately wounded.
The jelly completely misses you.
You hit the jelly.
Your front legs burn!
The jelly is heavily wounded.
The jelly closely misses you.
You hit the jelly.
Your front legs burn!
The jelly is severely wounded.
The jelly misses you.
You hit the jelly.
Your front legs burn!
The jelly is severely wounded.
The jelly hits you.
* * * LOW HITPOINT WARNING * * *
You are splashed with acid!
* * * LOW HITPOINT WARNING * * *
Your transformation is almost over.
The jelly attacks as you move away! The jelly hits you.
* * * LOW HITPOINT WARNING * * *
The acid corrodes you!
You are splashed with acid!
You die...

#.######..#
#.#<...#..#
#......#..#
########..#
.......#..#########
..................+
.....#######)####
#####..#######.###
.......)Js)...)..#
.#.###o#######.#.#
#. #.#.# #o #.#.##
#. #.#..# ##
#.##.##
#.##..####.##
#............
#####e†###.##


You could see a jelly and an orc.

Vanquished Creatures
  A phantom (D:5)
  Blork the orc (D:4)
  A scorpion (D:4)
  Dowan (D:5)
  3 hounds
  An orc priest (D:4)
  2 iguanas (D:5)
  3 orc wizards
  Natasha (thrice) (D:3)
  4 gnolls (D:5)
  5 adders
  2 worms
  3 dart slugs
  7 orcs
  7 endoplasms
  3 giant cockroaches
  8 goblins
  11 hobgoblins
  6 jackals
  3 quokkas
  8 ball pythons
  5 bats
  2 frilled lizards (D:3)
  9 kobolds
  8 rats
107 creatures vanquished.

Vanquished Creatures (others)
  2 fulminant prisms
2 creatures vanquished.

Grand Total: 109 creatures vanquished

Notes
Turn   | Place    | Note
-------+----------+-------------------------------------------
     0 | D:1      | brmiller01 the Djinni Conjurer began the quest for the Orb.
     0 | D:1      | Reached XP level 1. HP: 15/15 MP: 0/0
   288 | D:1      | Reached skill level 1 in Fighting
   288 | D:1      | Reached XP level 2. HP: 15/22 MP: 0/0
  1002 | D:1      | Reached XP level 3. HP: 26/27 MP: 0/0
  1002 | D:1      | Learned a level 1 spell: Shock
  1875 | D:2      | Found a faded altar of an unknown god.
  1896 | D:2      | Reached XP level 4. HP: 31/33 MP: 0/0
  3107 | D:3      | Noticed Natasha
  3113 | D:3      | Killed Natasha
  3114 | D:3      | Reached XP level 5. HP: 25/40 MP: 0/0
  3114 | D:3      | Learned a level 2 spell: Passwall
  3406 | D:3      | Noticed Natasha
  3410 | D:3      | Killed Natasha
  3796 | D:3      | Noticed Natasha
  3800 | D:3      | Killed Natasha
  3801 | D:3      | Reached XP level 6. HP: 38/46 MP: 0/0
  4161 | D:4      | Noticed Blork the orc
  4175 | D:4      | Killed Blork the orc
  4437 | D:4      | Reached XP level 7. HP: 47/53 MP: 0/0
  4437 | D:4      | Learned a level 3 spell: Spider Form
  4556 | D:4      | Reached skill level 5 in Spellcasting
  4690 | D:4      | Found Myrot's Distillery.
  4703 | D:4      | Bought 2 potions of curing for 78 gold pieces
  4988 | D:5      | Entered Level 5 of the Dungeon
  5100 | D:5      | Reached skill level 5 in Fighting
  5110 | D:5      | Reached skill level 1 in Unarmed Combat
  5282 | D:5      | Noticed Dowan
  5284 | D:5      | Reached XP level 8. HP: 44/60 MP: 0/0
  5314 | D:5      | Killed Dowan
  5338 | D:5      | Splashed by a jelly's acid

Illustrated notes

Levels and vault maps discovered:
D:1:      dpeg_arrival_three_smaller_balls, layout_loops_ring,
          minmay_stone_trees_small, minmay_misc_feat_roman
D:2:      layout_basic, ebering_ecumenical_altar_hall, hex_medium,
          minmay_crystal_water
D:3:      layout_loops_corners, nicolae_concentric_dashed_squares_wild,
          grunt_ministairs_2, uniq_natasha
D:4:      layout_cave_pools, serial_shops, nicolae_shop_statue_plus,
          uniq_blork_the_orc
D:5:      layout_basic, uniq_duvessa

Skill      XL: |  1  2  3  4  5  6  7 |
---------------+----------------------+-----
Fighting       | 1 2 3 4 5 |  5.6
Spellcasting   | 4 5 |  5.5
Unarmed Combat | 1 |  1.5
Dodging        | |  2.1
Stealth        | |  1.5

Action                   |  1- 3 |  4- 6 |  7- 9 || total
-------------------------+-------+-------+-------++-------
Melee: Unarmed           |     3 |     1 |    33 ||    37
 Cast: Magic Dart        |    35 |    11 |     1 ||    47
       Searing Ray       |     5 |     8 |     8 ||    21
       Shock             |    25 |    84 |    32 ||   141
       Fulminant Prism   |       |     1 |     1 ||     2
       Passwall          |       |     1 |       ||     1
       Spider Form       |       |       |     3 ||     3
  Use: Scroll            |       |     1 |       ||     1
Armor: Robe              |     1 |     4 |       ||     5
       Skin              |       |       |     2 ||     2
Dodge: Dodged            |     5 |    10 |    37 ||    52

Table legend: (Time is in decaauts)
 A = Elapsed time spent in this place.
 B = Non-inter-level travel time spent in this place.
 C = Inter-level travel time spent in this place.
 D = Time resting spent in this place.
 E = Time spent auto-exploring this place.
 F = Levels seen in this place.
 G = Mean time per level.
                   A        B        C        D        E       F      G
               +--------+--------+--------+--------+--------+-----+--------+
         Total |   5337 |   5198 |    139 |   1035 |   3571 |   5 | 1067.4 |
       Dungeon |   5337 |   5198 |    139 |   1035 |   3571 |   5 | 1067.4 |
               +--------+--------+--------+--------+--------+-----+--------+

Top non-repeatable levels by time:
     D:1: 1551 daAuts
     D:3: 1490 daAuts
     D:2: 1149 daAuts
     D:4: 797 daAuts
     D:5: 349 daAuts
